[Event "Titled Tuesday Blitz May 24 Early 2022"]
[White "Hasangatin, Ramil"]
[Black "Mestnikov, Aisen"]
[WhiteFideId "4122160"]
[BlackFideId "34130117"]
[WhiteElo "2399"]
[BlackElo "2027"]
[Result "1-0"]
[Round "04"]
[TimeControl "180+1"]
[Date "2022.05.25"]
[WhiteClock "0:02:16"]
[BlackClock "0:00:39"]

1. d4 Nf6 2. Nc3 d5 3. Bg5 Ne4 4. Nxe4 dxe4 5. c3 h6 6. Bf4 Nd7 7. e3 g5 8. Bg3 Bg7 9. h4 Nf6 10. hxg5 hxg5 11. Rxh8+ Bxh8 12. Be5 Bf5 13. Qb3 Qc8 14. Ne2 c6 15. Ng3 Bg6 16. Be2 Bg7 17. O-O-O Kf8 18. Rh1 Ng4 19. Bxg7+ Kxg7 20. Bxg4 Qxg4 21. Qxb7 Re8 22. Qxc6 f5 23. Qe6 f4 24. Qxg4 1-0


[Site "https://www.chess.com"]

[Event "Titled Tuesday Blitz May 24 Early 2022"]
[White "Ianov, Viktor"]
[Black "Dimitrov, Atanas"]
[WhiteFideId "14102730"]
[BlackFideId "2901315"]
[WhiteElo "2152"]
[BlackElo "2697"]
[Result "1/2-1/2"]
[Round "04"]
[TimeControl "180+1"]
[Date "2022.05.25"]
[WhiteClock "0:01:39"]
[BlackClock "0:00:28"]

1. Nf3 d5 2. g3 Nf6 3. Bg2 e6 4. O-O Be7 5. c4 O-O 6. b3 b6 7. Bb2 Bb7 8. Ne5 Nbd7 9. d4 Nxe5 10. dxe5 Ne4 11. cxd5 exd5 12. Nc3 Nxc3 13. Bxc3 Qd7 14. b4 Rad8 15. Qb3 c5 16. bxc5 Bxc5 17. e3 Bc6 18. a4 d4 19. Bxc6 Qxc6 20. exd4 Bxd4 21. Bxd4 Rxd4 22. Rac1 Qxa4 23. Qxa4 Rxa4 24. Rc7 Re8 25. Rd1 Rf8 26. Rdd7 a5 27. e6 Re4 28. exf7+ Kh8 29. Rb7 Re6 30. Re7 Rxe7 31. Rxe7 g6 32. Rb7 Kg7 33. Rxb6 Ra8 34. Rb3 Kxf7 35. Kf1 h5 36. Ke2 Ke6 37. Kd2 Kf5 38. Kc2 Re8 39. Rf3+ Kg5 40. h4+ Kg4 41. Rf6 Kh3 42. Rxg6 Re2+ 43. Kb3 Rxf2 44. Rg5 Rf3+ 45. Ka4 Rxg3 46. Rxh5 Rg4+ 47. Kxa5 Rxh4 48. Rxh4+ Kxh4 1/2-1/2


[Site "https://www.chess.com"]

[Event "Titled Tuesday Blitz May 24 Early 2022"]
[White "Ibrahimli, Murad"]
[Black "Reprintsev, Alexander"]
[WhiteFideId "13410229"]
[BlackFideId "14100541"]
[WhiteElo "2109"]
[BlackElo "2108"]
[Result "1-0"]
[Round "04"]
[TimeControl "180+1"]
[Date "2022.05.25"]
[WhiteClock "0:01:23"]
[BlackClock "0:00:32"]

1. e4 d5 2. exd5 Qxd5 3. Nc3 Qa5 4. d4 Nf6 5. Nf3 Nc6 6. h3 Ne4 7. Bd2 Nxd2 8. Qxd2 e6 9. Bc4 Bb4 10. O-O O-O 11. Qe3 Bxc3 12. bxc3 Rd8 13. Bd3 h6 14. Rfb1 a6 15. Nd2 Qg5 16. Qe2 e5 17. Nf3 Qe7 18. Nxe5 Nxe5 19. dxe5 b5 20. Qe4 Rxd3 21. cxd3 Rb8 22. a4 Bb7 23. Qe3 c6 24. c4 b4 25. a5 c5 26. d4 cxd4 27. Qxd4 Rd8 28. Qb6 Be4 29. Re1 Bc2 30. e6 f5 31. Qxa6 b3 32. Qb6 Rd6 33. Qxd6 Qxd6 34. e7 b2 35. e8=Q+ Kh7 36. Qe2 bxa1=Q 37. Rxa1 Bd3 38. Rd1 Bxe2 39. Rxd6 Bxc4 40. a6 1-0


[Site "https://www.chess.com"]

[Event "Titled Tuesday Blitz May 24 Early 2022"]
[White "Itkis, Boris"]
[Black "Baches Garcia, Guillermo"]
[WhiteFideId "1209167"]
[BlackFideId "2209764"]
[WhiteElo "2207"]
[BlackElo "2515"]
[Result "1-0"]
[Round "04"]
[TimeControl "180+1"]
[Date "2022.05.25"]
[WhiteClock "0:00:11"]
[BlackClock "0:00:08"]

1. Nf3 Nf6 2. b3 g6 3. Bb2 Bg7 4. d4 O-O 5. e3 c5 6. Nbd2 cxd4 7. Nxd4 b6 8. Be2 Bb7 9. Bf3 d5 10. c4 e5 11. Nc2 e4 12. Be2 Nbd7 13. O-O Nc5 14. cxd5 Qxd5 15. Nb4 Qg5 16. Nc4 Rad8 17. Qc2 Nd3 18. Ba3 Ng4 19. Rad1 Qh4 20. Bxg4 Qxg4 21. f3 Nxb4 22. Bxb4 exf3 23. Bxf8 Rxf8 24. Qf2 fxg2 25. Rfe1 Bh6 26. Ne5 Qe6 27. Nd7 Bg7 28. Nxf8 Bxf8 29. Rd8 Kg7 30. Red1 Bc5 31. R8d4 h5 32. Qf4 Bxd4 33. exd4 Qd5 34. Qe5+ Qxe5 35. dxe5 Be4 36. Rd7 a5 37. Rd6 Kf8 38. Rxb6 Ke7 39. Ra6 g5 40. Rxa5 Ke6 41. a4 g4 42. Rc5 h4 43. a5 g3 44. hxg3 h3 45. a6 Kf5 46. e6+ Kg4 47. exf7 Kxg3 48. Rg5+ Kh4 49. f8=Q 1-0


[Site "https://www.chess.com"]

[Event "Titled Tuesday Blitz May 24 Early 2022"]
[White "Jakubowska, Anna"]
[Black "Livaic, Leon"]
[WhiteFideId "1121952"]
[BlackFideId "14531534"]
[WhiteElo "1878"]
[BlackElo "2540"]
[Result "0-1"]
[Round "04"]
[TimeControl "180+1"]
[Date "2022.05.25"]
[WhiteClock "0:00:02"]
[BlackClock "0:01:27"]

1. e4 c6 2. d4 d5 3. e5 Bf5 4. Nf3 e6 5. Be2 Ne7 6. O-O Ng6 7. Be3 Nd7 8. Nbd2 f6 9. exf6 Qxf6 10. Bg5 Qf7 11. c4 Bd6 12. cxd5 exd5 13. Re1 O-O 14. Nf1 h6 15. Be3 Nf4 16. Bxf4 Bxf4 17. Ng3 Bg6 18. Nh4 Bxg3 19. fxg3 Be4 20. Bf3 Nf6 21. Rf1 Qd7 22. Qd2 g5 23. Qe3 gxh4 24. Qxh6 hxg3 25. Bxe4 Nxe4 26. hxg3 Qg7 27. Qe6+ Kh8 28. Rf4 Rxf4 29. gxf4 Qxd4+ 30. Kh2 Qf6 31. Qh3+ Kg7 32. Qd7+ Qf7 33. Qg4+ Kf6 34. Rh1 Rh8+ 35. Kg1 Rxh1+ 36. Kxh1 Nf2+ 0-1


[Site "https://www.chess.com"]

[Event "Titled Tuesday Blitz May 24 Early 2022"]
[White "Janaszak, Dawid"]
[Black "Redzisz, Michal"]
[WhiteFideId "1119206"]
[BlackFideId "21816107"]
[WhiteElo "2199"]
[BlackElo "2004"]
[Result "1-0"]
[Round "04"]
[TimeControl "180+1"]
[Date "2022.05.25"]
[WhiteClock "0:00:50"]
[BlackClock "0:00:14"]

1. e4 c5 2. Nc3 Nc6 3. Bb5 g6 4. Bxc6 dxc6 5. d3 Bg7 6. Be3 c4 7. d4 b5 8. Nf3 Bg4 9. h3 Bxf3 10. Qxf3 Bxd4 11. Bxd4 Qxd4 12. O-O Qe5 13. a4 b4 14. Nd1 Nf6 15. Re1 O-O 16. Qe2 c3 17. bxc3 bxc3 18. Qc4 Rad8 19. Nxc3 c5 20. Rad1 Rd4 21. Rxd4 cxd4 22. Nd5 Rd8 23. f4 Qd6 24. Qxd4 Nxd5 25. exd5 e6 26. c4 exd5 27. cxd5 h5 28. Rd1 Rb8 29. Qxa7 Qxf4 30. Rf1 Qe5 31. Qxf7+ Kh8 32. Qxg6 Rb2 33. Rf8# 1-0


[Site "https://www.chess.com"]

[Event "Titled Tuesday Blitz May 24 Early 2022"]
[White "Jian, Alex"]
[Black "Skliarov, Viktor"]
[WhiteFideId "30901022"]
[BlackFideId "14106736"]
[WhiteElo "2111"]
[BlackElo "2229"]
[Result "1-0"]
[Round "04"]
[TimeControl "180+1"]
[Date "2022.05.25"]
[WhiteClock "0:00:05"]
[BlackClock "0:00:13"]

1. Nf3 g6 2. d4 Bg7 3. c4 Nf6 4. Nc3 O-O 5. e4 d6 6. Be2 Bg4 7. Be3 Nc6 8. d5 Bxf3 9. Bxf3 Ne5 10. Be2 c6 11. f4 Ned7 12. O-O cxd5 13. cxd5 Qa5 14. Bf3 Rfc8 15. Kh1 b5 16. Ne2 Nc5 17. Bxc5 Rxc5 18. Nd4 Qc7 19. Nc6 Nd7 20. Nxe7+ Kf8 21. Nc6 Bxb2 22. Rb1 Bg7 23. Qd3 a6 24. Rfc1 Re8 25. h3 h5 26. Qd2 Bh6 27. Qd4 Kg8 28. g3 h4 29. Kg2 hxg3 30. Kxg3 Rxc1 31. Rxc1 Ne5 32. Rc2 Nc4 33. Be2 Bg7 34. Qd3 f5 35. Bf3 fxe4 36. Bxe4 Nb2 37. Qe2 Qf7 38. Qf3 Nc4 39. Re2 Kf8 40. Qg4 Nd2 41. Bxg6 Rxe2 42. Bxf7 Ne4+ 43. Kf3 Nc3 44. Qc8+ Kxf7 45. Qf5+ Kg8 46. Qc8+ Kh7 47. Qf5+ Kg8 48. Nd8 Re7 49. Ne6 Ne2 50. Kxe2 Rf7 51. Qg6 Kh8 52. Nxg7 Rxg7 53. Qh6+ Kg8 54. Qxd6 Rf7 55. Qe6 Kg7 56. d6 Kf8 57. d7 Rxd7 58. Qxd7 Kg8 59. Qb7 Kf8 60. Qxa6 Kg8 61. Qxb5 1-0


[Site "https://www.chess.com"]

[Event "Titled Tuesday Blitz May 24 Early 2022"]
[White "Kamsky, Gata"]
[Black "Manukyan, Artyom"]
[WhiteFideId "2000024"]
[BlackFideId "13305786"]
[WhiteElo "2645"]
[BlackElo "2034"]
[Result "1-0"]
[Round "04"]
[TimeControl "180+1"]
[Date "2022.05.24"]
[WhiteClock "0:01:32"]
[BlackClock "0:00:09"]

1. e4 e5 2. Nf3 Nc6 3. Bb5 a6 4. Ba4 Nf6 5. O-O Be7 6. Re1 b5 7. Bb3 O-O 8. c3 d6 9. d4 Bg4 10. d5 Na5 11. Bc2 c6 12. h3 Bc8 13. dxc6 Qc7 14. Nbd2 Qxc6 15. Nf1 Nc4 16. Ng3 h6 17. Bd3 Be6 18. b3 Nb6 19. Bd2 Rfd8 20. Qe2 Qc7 21. Rac1 Bf8 22. Be3 Rac8 23. c4 bxc4 24. Bxb6 Qxb6 25. Bxc4 Bxc4 26. Rxc4 Rxc4 27. Qxc4 Qb5 28. Rc1 Qxc4 29. Rxc4 d5 30. exd5 Rxd5 31. Kf1 a5 32. Ke2 Bb4 33. Nf1 Nd7 34. Ne3 Rc5 35. Rxc5 Bxc5 36. Nc4 Bb4 37. Nfxe5 Nf6 38. Nc6 Nd5 39. a3 Bc5 40. N6xa5 Nf4+ 41. Kf1 Nd3 42. f3 Kf8 43. b4 Nxb4 44. axb4 Bxb4 45. Nc6 Bc3 46. Ke2 Ba1 47. Nd6 Bb2 48. g4 f6 49. h4 Ba1 50. h5 Kg8 51. Kd3 Bb2 52. Ke4 Ba3 53. Nc4 Bc5 54. Kf5 Kf7 55. Nd8+ Kg8 56. Kg6 Bd4 57. Ne6 Bc3 58. Nxg7 1-0


[Site "https://www.chess.com"]

[Event "Titled Tuesday Blitz May 24 Early 2022"]
[White "Karolczuk, Iwo"]
[Black "Pourkashiyan, Atousa"]
[WhiteFideId "21816972"]
[BlackFideId "12502014"]
[WhiteElo "2258"]
[BlackElo "2247"]
[Result "1-0"]
[Round "04"]
[TimeControl "180+1"]
[Date "2022.05.25"]
[WhiteClock "0:00:09"]
[BlackClock "0:00:12"]

1. e4 e5 2. Nf3 Nf6 3. Nc3 Nc6 4. Bb5 Bb4 5. d3 Nd4 6. Bc4 d6 7. a3 Ba5 8. Nxd4 exd4 9. b4 dxc3 10. bxa5 O-O 11. O-O d5 12. exd5 Nxd5 13. Qf3 c6 14. Qg3 Kh8 15. Be3 Nxe3 16. fxe3 Qxa5 17. Rxf7 Rxf7 18. Bxf7 Bd7 19. Qd6 Bg4 20. Rf1 Qd8 21. Qb4 Qd7 22. Qxc3 h6 23. Qe5 Rf8 24. Bg6 Rxf1+ 25. Kxf1 Qd8 26. Kg1 Qf8 27. h3 Be2 28. Kh2 Bd1 29. c4 b6 30. d4 Bb3 31. Bd3 a5 32. Qe4 Kg8 33. Qxc6 Qb8+ 34. Kg1 Qf8 35. Qxb6 Ba2 36. c5 Qe7 37. Qb8+ Kf7 38. Qf4+ Kg8 39. c6 Qa7 40. c7 Qb7 41. Bf5 Bd5 42. c8=Q+ Qxc8 43. Bxc8 Bf7 44. Qc7 g5 45. Bb7 Kg7 46. d5 Kf6 47. d6 Ke5 48. Qe7+ Kf5 49. Qxf7+ Ke5 50. d7 Kd6 51. d8=Q+ Kc5 52. Qdc7+ Kb5 53. Qfc4# 1-0


[Site "https://www.chess.com"]

[Event "Titled Tuesday Blitz May 24 Early 2022"]
[White "Kejzar, Petra"]
[Black "Buscar, Michael"]
[WhiteFideId "14610213"]
[BlackFideId "2603616"]
[WhiteElo "2004"]
[BlackElo "2010"]
[Result "1-0"]
[Round "04"]
[TimeControl "180+1"]
[Date "2022.05.25"]
[WhiteClock "0:00:30"]
[BlackClock "0:00:14"]

1. c4 e5 2. Nc3 Nf6 3. g3 d5 4. cxd5 Nxd5 5. Bg2 Be6 6. d3 Nc6 7. Nf3 f6 8. O-O Qd7 9. d4 Nxc3 10. bxc3 exd4 11. Nxd4 Nxd4 12. cxd4 c6 13. e4 Be7 14. d5 cxd5 15. exd5 Bg4 16. Qb3 O-O 17. Re1 Kh8 18. Bf4 Rfd8 19. h3 Bf5 20. g4 Bg6 21. Rad1 Rac8 22. Qe3 Bc5 23. Qd2 Bd6 24. Bxd6 Qxd6 25. Re6 Qd7 26. Qe2 Rc2 27. Qe3 Rxa2 28. Re7 Qa4 29. Re1 h6 30. Rxb7 Rd7 31. Rb8+ Kh7 32. Qe6 Bf7 33. Be4+ g6 34. Qxf6 1-0


[Site "https://www.chess.com"]

[Event "Titled Tuesday Blitz May 24 Early 2022"]
[White "Keymer, Vincent"]
[Black "Vignesh, N R"]
[WhiteFideId "12940690"]
[BlackFideId "25012215"]
[WhiteElo "2548"]
[BlackElo "2363"]
[Result "1-0"]
[Round "04"]
[TimeControl "180+1"]
[Date "2022.05.24"]
[WhiteClock "0:00:48"]
[BlackClock "0:01:04"]

1. Nf3 Nf6 2. c4 g6 3. Nc3 Bg7 4. g3 O-O 5. Bg2 c5 6. O-O d6 7. d4 Nc6 8. dxc5 dxc5 9. Be3 Be6 10. Ng5 Bxc4 11. Qa4 Bd5 12. Rfd1 e6 13. Bxc5 Re8 14. e4 Nd7 15. Be3 Nb6 16. Qb5 Nd4 17. Bxd4 Bc6 18. Bxg7 Qxd1+ 19. Rxd1 Bxb5 20. Nxb5 Kxg7 21. Nc7 Rad8 22. Rxd8 Rxd8 23. Ngxe6+ fxe6 24. Nxe6+ 1-0


[Site "https://www.chess.com"]

[Event "Titled Tuesday Blitz May 24 Early 2022"]
[White "Khamdamova, Afruza"]
[Black "Quirke, Jeffrey"]
[WhiteFideId "14210444"]
[BlackFideId "2013029"]
[WhiteElo "1660"]
[BlackElo "2223"]
[Result "0-1"]
[Round "04"]
[TimeControl "180+1"]
[Date "2022.05.25"]
[WhiteClock "0:00:17"]
[BlackClock "0:00:43"]

1. e4 c5 2. Nf3 e6 3. d4 cxd4 4. Nxd4 a6 5. Bd3 Bc5 6. Be3 d6 7. O-O Nf6 8. Nc3 Nbd7 9. a4 O-O 10. h3 Ne5 11. f4 Nxd3 12. Qxd3 d5 13. e5 Nd7 14. Kh2 Be7 15. Rae1 Nc5 16. Qe2 f5 17. Rd1 Bd7 18. b3 Rc8 19. Nb1 Ne4 20. Nd2 Kh8 21. Nxe4 fxe4 22. Qg4 Qe8 23. Nxe6 Qf7 24. f5 Bxe6 25. fxe6 Qxf1 26. Rxf1 Rxf1 27. Bg5 Re8 28. Bxe7 Rxe7 29. Qe2 Rf8 30. Qd2 Rd8 31. Qg5 Rde8 32. Qd2 Rxe6 33. Qxd5 Rxe5 34. Qxb7 e3 35. Qb4 e2 36. Qe1 Rd5 0-1


[Site "https://www.chess.com"]

[Event "Titled Tuesday Blitz May 24 Early 2022"]
[White "Kholin, Aleksandr"]
[Black "Barp, Alberto"]
[WhiteFideId "14179385"]
[BlackFideId "872555"]
[WhiteElo "2485"]
[BlackElo "2229"]
[Result "0-1"]
[Round "04"]
[TimeControl "180+1"]
[Date "2022.05.25"]
[WhiteClock "0:00:05"]
[BlackClock "0:00:55"]

1. d4 Nf6 2. c4 c5 3. d5 b5 4. cxb5 a6 5. b6 d6 6. Nc3 Nbd7 7. e4 Qxb6 8. Nf3 g6 9. Bd3 Bg7 10. O-O O-O 11. h3 a5 12. Re1 Ba6 13. Bc2 Qb7 14. Rb1 c4 15. Be3 Qc7 16. Qd2 Rfc8 17. Nd4 Ne5 18. a4 Rab8 19. Ncb5 Bxb5 20. Nxb5 Qd8 21. f4 c3 22. bxc3 Nc4 23. Qd3 Nxe3 24. Rxe3 Nd7 25. Kh2 Qb6 26. Nd4 Qc7 27. Nc6 Rxb1 28. Bxb1 Nc5 29. Qb5 Bh6 30. Rf3 e5 31. fxe5 Nd7 32. Ne7+ Kf8 33. Nxc8 Nxe5 34. Rf6 Qxc8 35. Rxd6 Qxc3 36. Qb8+ Kg7 37. Rc6 Bf4+ 38. Kg1 Qe1# 0-1


[Site "https://www.chess.com"]

[Event "Titled Tuesday Blitz May 24 Early 2022"]
[White "Kim, Sergey"]
[Black "Meunier-Pion, Jean"]
[WhiteFideId "13700570"]
[BlackFideId "20685327"]
[WhiteElo "2543"]
[BlackElo "2124"]
[Result "1-0"]
[Round "04"]
[TimeControl "180+1"]
[Date "2022.05.25"]
[WhiteClock "0:01:28"]
[BlackClock "0:00:02"]

1. d4 Nf6 2. c4 e6 3. Nc3 Bb4 4. Qc2 d5 5. a3 Bxc3+ 6. Qxc3 O-O 7. Nf3 b6 8. cxd5 Nxd5 9. Qc2 Ba6 10. e4 Bxf1 11. Kxf1 Ne7 12. Bg5 h6 13. Bh4 Qd7 14. Rc1 c5 15. dxc5 Rc8 16. b4 bxc5 17. bxc5 Na6 18. Ne5 Qb5+ 19. Qe2 Rxc5 20. Qxb5 Rxb5 21. Bxe7 Rxe5 22. f3 f5 23. Bd6 Rb5 24. e5 Rb2 25. h4 Kf7 26. h5 Nb8 27. Rc7+ Kg8 28. Rc8+ Kh7 29. Rh4 a5 30. Rhc4 a4 31. Kg1 Ra5 32. Rxb8 Rxb8 33. Bxb8 g6 34. Rc7+ Kg8 35. hxg6 h5 36. Rb7 f4 37. Bd6 Rd5 38. Kh2 h4 39. Kh3 Rd1 40. Kxh4 Rg1 41. Kg5 Rxg2+ 42. Kf6 1-0


[Site "https://www.chess.com"]

[Event "Titled Tuesday Blitz May 24 Early 2022"]
[White "Kim, Yoon-Young"]
[Black "Borawski, Jakub"]
[WhiteFideId "30908779"]
[BlackFideId "1143000"]
[WhiteElo "2109"]
[BlackElo "2020"]
[Result "1-0"]
[Round "04"]
[TimeControl "180+1"]
[Date "2022.05.25"]
[WhiteClock "0:00:05"]
[BlackClock "0:00:03"]

1. Nf3 d5 2. d4 Bf5 3. c4 c6 4. e3 e6 5. Nc3 Nf6 6. Nh4 Bg4 7. Qb3 Qc7 8. h3 Bh5 9. g4 Bg6 10. Bd2 Nbd7 11. Bg2 dxc4 12. Qxc4 Nb6 13. Qb3 Be7 14. Nxg6 hxg6 15. g5 Nh5 16. Ne4 O-O-O 17. a4 Kb8 18. a5 Nd5 19. O-O f5 20. gxf6 gxf6 21. Rfc1 f5 22. Nc5 Bxc5 23. Rxc5 Nhf6 24. a6 b6 25. Rac1 Rd6 26. R5c2 Ne4 27. Bb4 Nxb4 28. Qxb4 Qd7 29. Qa4 Rc8 30. b4 b5 31. Qb3 g5 32. Qd3 e5 33. Bxe4 fxe4 34. Qxe4 exd4 35. exd4 Rxd4 36. Qe5+ Qd6 37. Qxg5 Qe6 38. Qg3+ Ka8 39. Rc5 Rg8 40. Rg5 Rgd8 41. Rg7 Rd1+ 42. Rxd1 Rxd1+ 43. Kh2 Rd8 44. Qc7 Qd6+ 45. Qxd6 Rxd6 46. Rg8+ 1-0


[Site "https://www.chess.com"]

[Event "Titled Tuesday Blitz May 24 Early 2022"]
[White "Klekowski, Maciej"]
[Black "Lazavik, Denis"]
[WhiteFideId "1132717"]
[BlackFideId "13515110"]
[WhiteElo "2476"]
[BlackElo "2437"]
[Result "0-1"]
[Round "04"]
[TimeControl "180+1"]
[Date "2022.05.24"]
[WhiteClock "0:00:02"]
[BlackClock "0:00:35"]

1. c4 Nf6 2. Nc3 e5 3. g3 Bb4 4. Bg2 O-O 5. Nf3 e4 6. Nd4 Re8 7. O-O Nc6 8. Nc2 Bxc3 9. bxc3 d5 10. cxd5 Qxd5 11. Ne3 Qh5 12. Rb1 b6 13. d3 Bh3 14. Qa4 Ne5 15. d4 Neg4 16. Nxg4 Nxg4 17. f3 exf3 18. exf3 Bxg2 19. fxg4 Qh3 20. Rd1 Bf3 21. Rb2 Bxd1 22. Qxd1 Re4 23. Qf1 Qxg4 24. Rf2 Qg6 25. Bf4 Rae8 26. Qc4 c5 27. Qb5 cxd4 28. cxd4 h6 29. d5 Qf5 30. Qc6 Qh3 31. Rf1 Re2 32. d6 Qxh2# 0-1


[Site "https://www.chess.com"]

[Event "Titled Tuesday Blitz May 24 Early 2022"]
[White "Kostiukov, Alexandr"]
[Black "Yaksin, Oleg"]
[WhiteFideId "14108100"]
[BlackFideId "24105880"]
[WhiteElo "2202"]
[BlackElo "2256"]
[Result "0-1"]
[Round "04"]
[TimeControl "180+1"]
[Date "2022.05.25"]
[WhiteClock "0:00:01"]
[BlackClock "0:00:13"]

1. g3 d5 2. Bg2 c6 3. d3 Nf6 4. e4 dxe4 5. dxe4 Qxd1+ 6. Kxd1 g6 7. f3 Bg7 8. c3 O-O 9. Be3 Nbd7 10. Nd2 b6 11. Kc2 Bb7 12. a4 c5 13. Nh3 Ne5 14. Nf2 Rfd8 15. Rhd1 Ba6 16. Bf1 Bxf1 17. Rxf1 Nc6 18. Nc4 Nd7 19. f4 Nf6 20. Rfd1 Rxd1 21. Rxd1 Rd8 22. Ra1 Nd7 23. g4 Kf8 24. g5 Ke8 25. h4 h5 26. gxh6 Bxh6 27. Rg1 Nf6 28. Ng4 Nxg4 29. Rxg4 e5 30. f5 Bxe3 31. Nxe3 Rd6 32. Rg5 Kf8 33. Nc4 Rf6 34. h5 gxf5 35. exf5 Rh6 36. Nd2 Ne7 37. f6 Rxf6 38. Rxe5 Rh6 39. Ne4 Nc6 40. Rf5 Ke7 41. Kd3 f6 42. Kc4 Ke6 43. Rf2 f5 44. Ng3 Ne5+ 45. Kb5 Rf6 46. Ka6 f4 47. Ne2 f3 48. Ng1 Kd5 49. Kxa7 Ke4 50. Kb7 Ke3 51. Rh2 f2 52. Rh3+ Ke4 53. Rh4+ Kd5 54. c4+ Ke6 0-1


[Site "https://www.chess.com"]

[Event "Titled Tuesday Blitz May 24 Early 2022"]
[White "Koutlas, Nikolaos"]
[Black "Izzat, Kanan"]
[WhiteFideId "25827138"]
[BlackFideId "13405209"]
[WhiteElo "1645"]
[BlackElo "2362"]
[Result "0-1"]
[Round "04"]
[TimeControl "180+1"]
[Date "2022.05.25"]
[WhiteClock "0:00:01"]
[BlackClock "0:00:32"]

1. e4 e5 2. Nf3 Nc6 3. Nc3 Nf6 4. d4 exd4 5. Nxd4 Bb4 6. Nxc6 bxc6 7. Bd3 O-O 8. O-O d5 9. Bd2 Rb8 10. Re1 Bg4 11. f3 Bh5 12. Kh1 Re8 13. e5 Nd7 14. Bf4 Bc5 15. Na4 Bf2 16. Rf1 Qh4 17. g3 Bxg3 18. Bxg3 Qxa4 19. b3 Qb4 20. e6 fxe6 21. Bxc7 Rb7 22. Bg3 Nc5 23. Be5 Rf7 24. Kg2 Qh4 25. Qe1 Qe7 26. Qg3 Nxd3 27. cxd3 Rf5 28. f4 h6 29. Rac1 Rc8 30. Rg1 Kh7 31. Kh1 g5 32. h4 Qf7 33. hxg5 hxg5 34. fxg5 Kg6 35. Kg2 Rf3 36. Qh4 Qf5 37. d4 Rf8 38. Rxc6 Rf2+ 39. Kh1 Qf3+ 40. Rg2 Qxg2# 0-1


[Site "https://www.chess.com"]

[Event "Titled Tuesday Blitz May 24 Early 2022"]
[White "Kovalev, Vladislav"]
[Black "Gurevich, Dmitry"]
[WhiteFideId "13504398"]
[BlackFideId "2000407"]
[WhiteElo "2530"]
[BlackElo "2506"]
[Result "1-0"]
[Round "04"]
[TimeControl "180+1"]
[Date "2022.05.25"]
[WhiteClock "0:00:53"]
[BlackClock "0:00:08"]

1. e4 c5 2. Be2 Nc6 3. d3 Nf6 4. f4 g6 5. Nf3 Bg7 6. O-O O-O 7. Kh1 b5 8. a3 Bb7 9. c3 a5 10. Be3 d6 11. Nbd2 b4 12. d4 bxc3 13. bxc3 cxd4 14. cxd4 e5 15. fxe5 dxe5 16. d5 Nb8 17. Rb1 Ba6 18. Bxa6 Rxa6 19. Qa4 Nbd7 20. Rfc1 Ng4 21. Bg1 f5 22. Rc6 Ra8 23. Rb7 Ndf6 24. d6 Kh8 25. Qc4 Bh6 26. a4 fxe4 27. Nxe4 Nxe4 28. Qxe4 Rf4 29. Qd5 e4 30. Ne5 Qh4 31. Nxg4 Qxg4 32. Bd4+ 1-0


[Site "https://www.chess.com"]

[Event "Titled Tuesday Blitz May 24 Early 2022"]
[White "Kowalysko, Roman"]
[Black "Tymrakiewicz, Rafal"]
[WhiteFideId "30918510"]
[BlackFideId "1108832"]
[WhiteElo "2161"]
[BlackElo "2205"]
[Result "0-1"]
[Round "04"]
[TimeControl "180+1"]
[Date "2022.05.25"]
[WhiteClock "0:01:30"]
[BlackClock "0:01:48"]

1. e4 Nf6 2. Nc3 d5 3. e5 Ne4 4. Nxe4 dxe4 5. d4 exd3 6. Bxd3 Nc6 7. Nf3 Bg4 8. Bf4 e6 9. O-O Bc5 10. c3 g5 11. Bg3 h5 12. b4 Bb6 13. Bb5 Qxd1 14. Raxd1 Bxf3 15. gxf3 h4 16. a4 hxg3 17. hxg3 a5 18. Bxc6+ bxc6 19. bxa5 Rxa5 20. Rd3 Rxe5 21. Rfd1 Rd5 22. c4 Rxd3 23. Rxd3 Ke7 24. Kg2 Ra8 25. Ra3 Bc5 26. Ra2 Bb4 27. g4 Kd6 28. Kg3 e5 29. Re2 f6 30. Ra2 Kc5 31. Kg2 Kxc4 32. Kg3 Kb3 33. Ra1 c5 34. a5 c4 35. a6 c3 36. a7 c2 37. f4 exf4+ 38. Kg2 Bd2 39. f3 c1=Q 40. Ra6 Qc2 41. Kh3 Rh8+ 42. Kg2 Be3+ 43. Kf1 Rh1# 0-1


[Site "https://www.chess.com"]

[Event "Titled Tuesday Blitz May 24 Early 2022"]
[White "Kruckenhauser, Arthur"]
[Black "Costachi, Mihnea"]
[WhiteFideId "1642812"]
[BlackFideId "1217518"]
[WhiteElo "2243"]
[BlackElo "2476"]
[Result "1-0"]
[Round "04"]
[TimeControl "180+1"]
[Date "2022.05.24"]
[WhiteClock "0:00:28"]
[BlackClock "0:01:12"]

1. e4 c5 2. c3 d6 3. d4 cxd4 4. cxd4 g6 5. Nc3 Bg7 6. Nf3 Nf6 7. h3 O-O 8. Be2 Nc6 9. O-O d5 10. e5 Ne4 11. Be3 f6 12. exf6 exf6 13. Qb3 Nxc3 14. bxc3 Kh8 15. Rab1 b6 16. Bb5 Na5 17. Qa3 Bf5 18. Rbc1 Rc8 19. Rfe1 Bd7 20. Ba6 Rc6 21. Bf4 Re8 22. Rxe8+ Qxe8 23. Re1 Re6 24. Rxe6 Qxe6 25. Bb8 Nc6 26. Bd6 Qe4 27. Bf1 Bxh3 28. gxh3 Qxf3 29. Bg2 Qd1+ 30. Kh2 Qe2 31. Qa4 Na5 32. Qd7 h5 33. Bg3 g5 34. Qc8+ Kh7 35. Qf5+ Kh6 36. Bf3 Qe8 37. Bxd5 h4 38. Be4 hxg3+ 39. fxg3 Qxe4 40. Qxe4 Bf8 41. h4 gxh4 42. gxh4 Bd6+ 43. Kh3 Kg7 44. Kg4 Nc4 45. Qe6 b5 46. Qd7+ Kh6 47. Qxb5 Ne3+ 48. Kf3 Nd1 49. Qd3 Nb2 50. Qd2+ Kg6 51. Qxb2 Ba3 52. Qxa3 1-0


[Site "https://www.chess.com"]

[Event "Titled Tuesday Blitz May 24 Early 2022"]
[White "Kucuksari, Kaan"]
[Black "Horak, Martin"]
[WhiteFideId "6380166"]
[BlackFideId "367095"]
[WhiteElo "2305"]
[BlackElo "1997"]
[Result "1/2-1/2"]
[Round "04"]
[TimeControl "180+1"]
[Date "2022.05.25"]
[WhiteClock "0:00:24"]
[BlackClock "0:00:28"]

1. d4 Nf6 2. c4 c5 3. d5 b5 4. cxb5 a6 5. bxa6 g6 6. Nc3 Bg7 7. e4 O-O 8. Nf3 Qa5 9. Bd2 Bxa6 10. Be2 Bxe2 11. Qxe2 Qa6 12. a4 e6 13. Qxa6 Nxa6 14. dxe6 dxe6 15. O-O Rfb8 16. Rab1 Nb4 17. Bf4 Rb7 18. Be5 Nd3 19. Rfd1 Nxe5 20. Nxe5 Nxe4 21. Nxe4 Bxe5 22. Nxc5 Rxb2 23. Rxb2 Bxb2 24. g3 Ba3 25. Nb3 Rxa4 26. Ra1 Ra7 27. Kg2 Bc5 28. Rxa7 Bxa7 29. Na5 Bc5 30. Nc4 Ba7 31. Nb2 Bb8 32. Nd3 Bd6 33. Nb2 f5 34. Nc4 Bc7 35. f4 Kf7 36. Kf3 Kf6 37. Ne3 g5 38. h3 h5 39. Nc4 h4 40. fxg5+ Kxg5 41. g4 fxg4+ 42. hxg4 h3 43. Nd2 h2 44. Ne4+ Kh4 45. Kg2 Kxg4 46. Nc5 Kf5 47. Nxe6 Kxe6 48. Kh1 Kf5 49. Kg2 Kg4 50. Kh1 Kh3 1/2-1/2


[Site "https://www.chess.com"]

[Event "Titled Tuesday Blitz May 24 Early 2022"]
[White "Kuderinov, Kirill"]
[Black "Korchmar, Vasiliy"]
[WhiteFideId "13701568"]
[BlackFideId "24131750"]
[WhiteElo "2432"]
[BlackElo "2370"]
[Result "1-0"]
[Round "04"]
[TimeControl "180+1"]
[Date "2022.05.25"]
[WhiteClock "0:01:21"]
[BlackClock "0:00:38"]

1. c4 c6 2. Nc3 d5 3. d3 g6 4. g3 Bg7 5. Qc2 e5 6. Bg2 Ne7 7. Bd2 O-O 8. Nf3 h6 9. O-O Be6 10. e4 dxc4 11. dxc4 Bxc4 12. Rfd1 Qc8 13. b3 Be6 14. Be3 f5 15. Bc5 Rf7 16. exf5 gxf5 17. Qe2 Ng6 18. Rd6 Na6 19. Ba3 e4 20. Nd4 Bd7 21. Rxg6 Kh7 22. Qh5 Qe8 23. Nce2 Rf6 24. Rxg7+ Kxg7 25. Qh4 Qg6 26. Nf4 Qg5 27. Nh5+ Kg6 28. Qxg5+ hxg5 29. Nxf6 Kxf6 30. Bb2 Kg6 31. Rd1 Nc5 32. g4 f4 33. b4 Na4 34. Bxe4+ Kf7 35. Ba1 Bxg4 36. f3 Bh3 37. Nf5 a5 38. Rd7+ Ke8 39. Re7+ Kd8 40. Bf6 axb4 41. Rxb7+ Kc8 42. Nd6# 1-0


[Site "https://www.chess.com"]